 Dungeon Crawl Stone Soup version 0.28.0-53-g5a82cb258f (webtiles) character file.

Game seed: 14227629908037292093

2377 cbfl8 the Cleaver (level 9, -7/123 HPs)
             Began as a Minotaur Berserker on Aug 21, 2022.
             Was an Elder of Trog.
             Mangled by Duvessa
             ... wielding a +2 short sword of venom
              (11 damage)
             ... on level 7 of the Dungeon.
             The game lasted 00:06:52 (6356 turns).

cbfl8 the Cleaver (Minotaur Berserker)              Turns: 6356, Time: 00:06:53

Health: -7/123     AC: 17    Str: 22    XL:     9   Next: 21%
Magic:  8/8        EV:  8    Int:  4    God:    Trog [****..]
Gold:   307        SH:  0    Dex: 14    Spells: 8/8 levels left

rFire   . . .      SeeInvis .   n - +1 battleaxe (vorpal)
rCold   . . .      Faith    +   (shield currently unavailable)
rNeg    . . .      Spirit   .   o - +0 plate armour
rPois   .          Reflect  .   (helmet restricted)
rElec   .          Harm     .   (no cloak)
rCorr   .          Rampage  .   (no gloves)
Will    .....                   (no boots)
Stlth   ..........              r - amulet of faith
HPRegen 0.30/turn               a - +4 ring of protection
MPRegen 0.11/turn               m - ring of flight

@: berserking, lethally poisoned (-7 -> -54), flying, studying Fighting, very
quick
A: horns 2, retaliatory headbutt
a: Renounce Religion, Berserk, Trog's Hand, Brothers in Arms


You were on level 7 of the Dungeon.
You worshipped Trog.
Trog was greatly pleased with you.
You visited 1 branch of the dungeon, and saw 7 of its levels.

You collected 307 gold pieces.

Inventory:

Hand Weapons
 n - a +1 vorpal battleaxe (weapon)
Armour
 o - a +0 plate armour (worn)
Jewellery
 a - a +4 ring of protection (left hand)
 c - a ring of ice
 i - a ring of fire
 m - a ring of flight (right hand)
 p - a ring of resist corrosion
 r - an amulet of faith (around neck)
Wands
 x - a wand of paralysis (15) (quivered)
Scrolls
 b - 3 scrolls of fear
 e - 2 scrolls of fog
 l - 2 scrolls of teleportation
 t - 2 scrolls of blinking
 u - 2 scrolls of immolation
 w - a scroll of summoning
Potions
 d - a potion of lignification {unknown}
 f - 3 potions of curing
 g - a potion of attraction {unknown}
 h - 2 potions of haste
 j - 2 potions of might
 k - a potion of heal wounds {unknown}
 s - 2 potions of brilliance {unknown}
 z - a potion of cancellation {unknown}


   Skills:
 * Level 8.6 Fighting
 * Level 10.9 Axes
 + Level 6.6 Armour
 * Level 4.6 Dodging
 + Level 1.2 Stealth
 * Level 2.3 Evocations


You had 8 spell levels left.
You didn't know any spells.
Your spell library was empty.

Dungeon Overview and Level Annotations

Branches:
Dungeon (7/15)             Temple (0/1) D:5

Altars:
Elyvilon
Qazlal
Uskayaw
Zin
The Shining One
Beogh

Shops:
D:6 *

Annotations:
D:3 3 runed translucent doors, FrogKing's ghost, amateur DjFE
D:7 Duvessa


Innate Abilities, Weirdness & Mutations

You have a pair of horns on your head.
You reflexively headbutt those who attack you in melee.


Message History

You destroy the howler monkey skeleton!
Trog accepts your kill.
You slash Duvessa!
You feel very sick. Duvessa barely misses you. x2
Unknown command.
You barely miss Duvessa. You headbutt Duvessa!
Duvessa is severely wounded.
You feel sick.
Duvessa hits you with a +2 short sword of venom.
You are more poisoned.
Duvessa hits you with a +2 short sword of venom.
You are more poisoned.
You hit Duvessa but do no damage.
Duvessa is severely wounded.
You feel very sick. Duvessa barely misses you.
Duvessa hits you with a +2 short sword of venom.
You are more poisoned.
Unknown command.
You hit Duvessa.
Duvessa is severely wounded.
You feel extremely sick. Duvessa hits you but does no damage.
You are lethally poisoned!
Duvessa hits you but does no damage.
You are more poisoned.
A red film seems to cover your vision as you go berserk!
You feel yourself moving faster!
You feel mighty!
* * * LOW HITPOINT WARNING * * *
You feel extremely sick.
Duvessa hits you with a +2 short sword of venom!
* * * LOW HITPOINT WARNING * * *
You are more poisoned.
You barely miss Duvessa.
Duvessa is severely wounded.
* * * LOW HITPOINT WARNING * * *
You feel extremely sick.
Duvessa hits you with a +2 short sword of venom!
You die...

#########
#........
#........
+........
###+#........
#....@e....#
#....###+###
#....#
#######....#
#..........#
#..........#
#....<.#+###
.#......#...#
.#..........#


You could see Duvessa (berserk).

Vanquished Creatures
  4 yaks (D:6)
  A steam dragon (D:6)
  An orc warrior (D:5)
  A necrophage (D:5)
  3 ogres
  A centaur (D:5)
  A bullfrog (D:5)
  2 wyvern zombies (D:6)
  2 scorpions
  A water moccasin zombie (D:5)
  Dowan (D:7)
  3 water moccasin skeletons
  A bullfrog skeleton (D:6)
  4 hounds
  A jelly (D:6)
  2 orc priests
  3 iguanas
  3 orc wizards
  A hound zombie (D:5)
  A howler monkey skeleton (D:7)
  4 gnolls (D:4)
  7 adders
  A white imp (D:6)
  6 worms
  6 orcs
  5 endoplasms
  2 giant cockroaches
  5 goblins
  8 hobgoblins
  6 jackals (D:1)
  3 quokkas
  7 ball pythons
  5 bats
  6 frilled lizards
  6 kobolds
  6 rats
120 creatures vanquished.

Notes
Turn   | Place    | Note
-------+----------+-------------------------------------------
     0 | D:1      | cbfl8 the Minotaur Berserker began the quest for the Orb.
     0 | D:1      | Reached XP level 1. HP: 19/19 MP: 0/0
   337 | D:1      | Reached XP level 2. HP: 27/27 MP: 1/1
   423 | D:1      | Reached skill level 4 in Axes
   477 | D:1      | Reached ** piety under Trog
   666 | D:1      | Reached XP level 3. HP: 29/33 MP: 2/2
   940 | D:1      | Found a faded altar of an unknown god.
  1971 | D:3      | Reached skill level 5 in Axes
  1971 | D:3      | Reached XP level 4. HP: 26/41 MP: 3/3
  2416 | D:3      | Reached XP level 5. HP: 27/47 MP: 4/4
  2637 | D:3      | Found a runed translucent gate.
  2637 | D:3      | Noticed FrogKing's ghost (amateur DjFE)
  2638 | D:3      | Found a runed translucent gate.
  2639 | D:3      | Found a runed translucent gate.
  2641 | D:3      | Identified the +7 hand axe of Wiqomp {protect, Str+4}
  2861 | D:4      | Noticed an ogre
  2867 | D:4      | Killed an ogre
  2868 | D:4      | Reached skill level 6 in Axes
  2868 | D:4      | Reached XP level 6. HP: 48/55 MP: 5/5
  3229 | D:4      | Reached skill level 5 in Fighting
  3229 | D:4      | Reached skill level 1 in Stealth
  3403 | D:4      | Reached *** piety under Trog
  3404 | D:4      | Reached skill level 5 in Armour
  3422 | D:4      | Reached XP level 7. HP: 61/61 MP: 6/6
  3433 | D:4      | Reached skill level 7 in Axes
  3922 | D:4      | Identified a scroll of acquirement
  3926 | D:4      | Acquired a manual of Fighting
  3946 | D:5      | Entered Level 5 of the Dungeon
  4288 | D:5      | Found a staircase to the Ecumenical Temple.
  4295 | D:5      | Reached skill level 1 in Evocations
  4300 | D:5      | Reached skill level 8 in Axes
  4301 | D:5      | Reached XP level 8. HP: 38/70 MP: 7/7
  4705 | D:5      | Found a glowing golden altar of the Shining One.
  4705 | D:5      | Found a white marble altar of Elyvilon.
  4705 | D:5      | Found a glowing silver altar of Zin.
  4779 | D:5      | Found a hide-covered altar of Uskayaw.
  4899 | D:5      | Found a stormy altar of Qazlal.
  5353 | D:6      | Reached skill level 9 in Axes
  5477 | D:6      | Found Togo's General Store.
  5850 | D:6      | Reached skill level 10 in Axes
  5855 | D:6      | Reached XP level 9. HP: 81/81 MP: 8/8
  6344 | D:7      | Noticed Dowan
  6345 | D:7      | Noticed Duvessa
  6349 | D:7      | Killed Dowan
  6349 | D:7      | Reached **** piety under Trog
  6356 | D:7      | HP: 4/123 [poisoned by Duvessa]
  6356 | D:7      | Mangled by Duvessa

Illustrated notes

Levels and vault maps discovered:
D:1:      ncdulo_smallfort, layout_basic,
          dreamdust_ecumenical_altar_angels_and_demons
D:2:      layout_basic, dk_noncrumbling_3, hangedman_decor_clover_reticule
D:3:      layout_loops_cross, biasface_ghost_orc_armoury
D:4:      layout_cave_pods, nicolae_wormholes
D:5:      layout_basic, good_gods_mini_temple, lemuel_coloured_pillars_altar,
          mainiacjoe_overflow_24_doors, minmay_temple_entry_waves
D:6:      layout_cave_pools, minmay_misc_feat_x, kennysheep_small_square
D:7:      layout_gridville, lemuel_crystal_altar,
          mainiacjoe_overflow_catwalk_spiral, gammafunk_ghost_hive,
          nrook_campfire, uniq_duvessa

Skill      XL: |  1  2  3  4  5  6  7  8 |
---------------+-------------------------+-----
Fighting       | 4 5 6 8 |  8.6
Axes           | 4 5 6 8 10 | 10.9
Armour         | 3 4 5 6 |  6.6
Dodging        | 3 4 |  4.6
Stealth        | 1 |  1.2
Evocations     | 1 2 |  2.3

Action                   |  1- 3 |  4- 6 |  7- 9 || total
-------------------------+-------+-------+-------++-------
Melee: Hand axe          |   109 |    56 |    58 ||   223
       Headbutt          |    11 |    12 |    28 ||    51
       Punch             |     2 |     1 |       ||     3
       Battleaxe         |       |       |    83 ||    83
Invok: Berserk           |       |     3 |     3 ||     6
  Use: Scroll            |     2 |       |    10 ||    12
Armor: Animal skin       |     3 |       |       ||     3
       Ring mail         |    38 |       |       ||    38
       Chain mail        |     2 |    20 |    17 ||    39
       Plate armour      |       |       |    41 ||    41
Dodge: Dodged            |    62 |    30 |    60 ||   152
